 Dungeon Crawl Stone Soup version 0.18.1-8-gdd0e5ea (webtiles) character file.

350 deorigin the Changer (level 6, -3/47 HPs)
             Began as a Draconian Transmuter on June 6, 2016.
             Was an Initiate of Okawaru.
             Slain by a phantom (6 damage)
             ... on level 4 of the Dungeon.
             The game lasted 00:11:56 (4086 turns).

deorigin the Changer (Draconian Transmuter)         Turns: 4086, Time: 00:11:56

Health: -3/47      AC:  6    Str: 13    XL:     6   Next: 34%
Magic:  9/9        EV: 12    Int: 15    God:    Okawaru [......]
Gold:   227        SH:  0    Dex: 11    Spells: 3 memorised, 3 levels left

rFire  . . .     SeeInvis .     y - +4 club
rCold  . . .     Gourm    .     (armour unavailable)
rNeg   . . .     Faith    .     (no shield)
rPois  .         Spirit   .     (helmet restricted)
rElec  .         Dismiss  .     (no cloak)
rCorr  .         Reflect  .     (no gloves)
SustAt .         Harm     .     (no boots)
MR     .....                    (no amulet)
Stlth  +.........               (no ring)
                                (no ring)

@: not resistant to hostile enchantments, very unstealthy
A: unfitting armour, cold-blooded, AC +6
a: Renounce Religion


You were on level 4 of the Dungeon.
You worshipped Okawaru.
Okawaru was noncommittal.
You were not hungry.

You visited 2 branches of the dungeon, and saw 5 of its levels.
You also visited: Sewer.

You collected 227 gold pieces.

Inventory:

Hand Weapons
 o - a +0 rapier
 t - a +1 spear of piercing
 u - a +0 blowgun
 y - a +4 club (weapon)
 D - a -1 dagger
 H - a +0 flail
Missiles
 a - 154 arrows
 s - 3 tomahawks (quivered)
Rods
 r - a +0 lightning rod (13/13)
   (You found it on level 2 of the Dungeon)
Jewellery
 j - an uncursed ring of protection from cold {unknown}
 n - an uncursed ring of ice {unknown}
Wands
 f - a wand of acid (3/15)
 x - a wand of confusion (13/48)
 B - a wand of slowing (12/48)
Scrolls
 l - 3 scrolls of amnesia
 w - 2 scrolls of fear
 A - a scroll of enchant armour {unknown}
 E - a scroll of random uselessness {unknown}
 I - a scroll of fog {unknown}
Potions
 e - a potion of curing {unknown}
 g - 3 potions of haste
 h - a potion of mutation {unknown}
 i - 2 potions of flight {unknown}
 k - a potion of berserk rage {unknown}
 m - a potion of might {unknown}
 p - 2 potions of cancellation
 z - 2 potions of degeneration
 F - 2 potions of invisibility {unknown}
 G - 2 potions of brilliance {unknown}
Books
 b - a book of Changes

   Spells                             Type                      Level
   a - Beastly Appendage              Transmutation                1
   b - Sticks to Snakes               Transmutation                2
   c - Spider Form                    Transmutation/Poison         3
   d - Ice Form                       Ice/Transmutation            4
   e - Blade Hands                    Transmutation                5
Comestibles
 c - 2 bread rations
 d - 2 beef jerkies
 q - 2 meat rations
 v - 3 chunks of flesh
 C - 4 fruits


   Skills:
 - Level 1.1 Fighting
 - Level 1.7 Dodging
 - Level 3.0 Unarmed Combat
 - Level 2.0 Spellcasting
 + Level 6.3 Transmutations
 - Level 2.1 Poison Magic


You had 3 spell levels left.
You knew the following spells:

 Your Spells              Type           Power        Failure   Level  Hunger
a - Beastly Appendage     Trmt           ###...       1%          1    #......
b - Sticks to Snakes      Trmt           ###.....     2%          2    ###....
c - Spider Form           Trmt/Pois      ##........   14%         3    ###....


Dungeon Overview and Level Annotations

Branches:
Dungeon (4/15)             Temple (1/1) D:4

Altars:
Ashenzari
Cheibriados
Dithmenos
Elyvilon
Fedhas
Gozag
Kikubaaqudgha
Makhleb
Nemelex Xobeh
Okawaru
Pakellas
Qazlal
Sif Muna
Trog
Vehumet
Xom
Zin
The Shining One

Annotations:
D:3 Scarto's ghost, amateur DsFi


Innate Abilities, Weirdness & Mutations

Your plain brown scales are hard (AC +6).
Your body does not fit into most forms of armour.
You are cold-blooded and may be slowed by cold attacks.


Message History

You open the door.
There is an open door here.
The phantom blinks!
There is a stone staircase leading up here.
You climb upwards.
Scarto's ghost (amateur Demonspawn Fighter) comes into view.
Scarto's ghost turns its malevolent gaze towards you.
Scarto's ghost hits you!
* * * LOW HITPOINT WARNING * * *
There is a stone staircase leading down here.
Unknown command.
Scarto's ghost hits you!
* * * LOW HITPOINT WARNING * * *
You climb downwards.
There is a stone staircase leading up here.
Unknown command.
The phantom hits you.
* * * LOW HITPOINT WARNING * * *
The phantom hits you.
You die...

##.##.##..####..###...##.....####
##.##.##..####..###...#..###..###
...#.....>#.....#.......##.##..#.
...+......#...รท.#...<..##...##...
...#......#.....'.....##.._..##..
...#......#.....#....##^....^.##.
...###....##...###..##...^^....##
######....####+###..#^..#####...#
....#.....#.....@...##.'#.#.#'^##
....#.....#....W.....###..#..###.
....#.....#..<...........###.....
....#.....#......................
....#########..##.#######.##...##
....###...####'##+####....##...##
.....'...................#.......
.....#...................#.......
.....#...................#.......


You could see a phantom.

Vanquished Creatures
  Purgy (Sewer)
  Ijyb (D:2)
  Natasha (D:3)
  9 adders
  2 river rats (D:3)
  5 worms
  2 dart slugs (D:1)
  5 giant geckos
  2 orcs (D:3)
  9 giant cockroaches
  4 goblins
  2 hobgoblins
  11 jackals
  5 quokkas
  7 bats
  7 giant newts
  9 kobolds
  11 rats
93 creatures vanquished.

Notes
Turn   | Place    | Note
--------------------------------------------------------------
     0 | D:1      | deorigin the Draconian Transmuter began the quest for the Orb.
     0 | D:1      | Reached XP level 1. HP: 16/16 MP: 3/3
   159 | D:1      | Reached XP level 2. HP: 19/23 MP: 5/5
   263 | D:1      | Learned a level 2 spell: Sticks to Snakes
   353 | D:1      | Reached skill level 3 in Transmutations
   624 | D:1      | Reached XP level 3. HP: 28/28 MP: 6/6
   629 | D:1      | Learned a level 3 spell: Spider Form
   845 | D:2      | Reached skill level 1 in Poison Magic
  1439 | D:2      | Reached XP level 4. HP: 35/35 MP: 7/7
  1669 | D:2      | Noticed Ijyb
  1680 | D:2      | Killed Ijyb
  1680 | D:2      | Reached skill level 4 in Transmutations
  1905 | D:2      | Found an oddly glowing altar of Pakellas.
  2262 | D:3      | Noticed a necrophage
  2272 | D:3      | Noticed Natasha
  2280 | D:3      | Killed Natasha
  2280 | D:3      | Reached XP level 5. HP: 34/40 MP: 1/8
  2693 | D:3      | Reached skill level 5 in Transmutations
  2803 | D:3      | Found a glowing drain.
  2807 | Sewer    | Entered a sewer
  2954 | Sewer    | Noticed Purgy
  2971 | Sewer    | Killed Purgy
  2971 | Sewer    | Reached skill level 6 in Transmutations
  2971 | Sewer    | Reached XP level 6. HP: 20/47 MP: 6/9
  3292 | D:3      | Found a faded altar to an unknown god.
  3631 | D:4      | Found a sparkling altar of Nemelex Xobeh.
  3649 | D:4      | Found a staircase to the Ecumenical Temple.
  3697 | Temple   | Entered the Ecumenical Temple
  3707 | Temple   | Became a worshipper of Warmaster Okawaru
  4081 | D:3      | Noticed Scarto's ghost (amateur DsFi)
  4086 | D:4      | Slain by a phantom

Skill      XL: |  1  2  3  4  5 |
---------------+----------------+-----
Transmutations | 3 4 6 |  6.3
Poison Magic   | 2 |  2.1
Fighting       | |  1.1
Dodging        | |  1.7
Unarmed Combat | |  3.0
Spellcasting   | |  2.0

Action                   |  1- 3 |  4- 6 || total
-------------------------+-------+-------++-------
Melee: Unarmed           |   132 |   119 ||   251
       Kick              |     2 |       ||     2
       Tailslap          |    12 |     7 ||    19
       Punch             |     1 |       ||     1
       Rapier            |    25 |       ||    25
       Headbutt          |     2 |       ||     2
       Club              |       |    97 ||    97
 Cast: Beastly Appendage |     5 |     1 ||     6
       Spider Form       |     2 |    15 ||    17
  Use: Scroll            |       |     8 ||     8
 Stab: Sleeping          |     1 |     1 ||     2
  Eat: Chunk             |     2 |    11 ||    13
Armor: Skin              |    47 |    67 ||   114
Dodge: Dodged            |   121 |   194 ||   315
